 Dungeon Crawl Stone Soup version 0.25.0-46-gbd7b0854d2 (webtiles) character file.

Game seed: 5603611042369190910

5087 Ethylacetat the Spear-Bearer (level 10, -6/74 HPs)
             Began as a Demonspawn Gladiator on July 17, 2020.
             Was an Elder of Okawaru.
             Mangled by an orc warrior
             ... wielding a +0 flail
              (23 damage)
             ... on level 8 of the Dungeon.
             The game lasted 00:15:23 (9604 turns).

Ethylacetat the Spear-Bearer (Demonspawn Gladiator) Turns: 9604, Time: 00:15:24

Health: -6/74      AC:  4    Str: 20    XL:     10   Next: 31%
Magic:  10/10      EV: 13    Int: 12    God:    Okawaru [****..]
Gold:   366        SH:  0    Dex: 15    Spells: 9/9 levels left

rFire    . . .     SeeInvis .   v - +4 quarterstaff (drain)
rCold    . . .     Gourm    .   (shield currently unavailable)
rNeg     + . .     Faith    .   x - +1 robe of Autotheism {-Cast Slay+5}
rPois    .         Spirit   .   m - +0 helmet {Int+3}
rElec    .         Reflect  .   (no cloak)
rCorr    .         Harm     .   (no gloves)
MR       .....     Clarity  +   (no boots) Stlth +.........NoCast +
                                (no amulet)
HPRegen  0.22/turn              (no ring)
MPRegen  0.12/turn              p - ring of positive energy

@: no status effects
A: hooves 2, clarity, frail 1, foul stench 1, strong 1, rot immunity, sturdy
frame 1
a: Heroism, Renounce Religion


You were on level 8 of the Dungeon.
You worshipped Okawaru.
Okawaru was greatly pleased with you.
You were not hungry.

You visited 2 branches of the dungeon, and saw 9 of its levels.

You collected 366 gold pieces.

Inventory:

Hand Weapons
 a - a +0 trident
 v - a +4 quarterstaff of draining (weapon)
Missiles
 d - a throwing net (quivered)
Armour
 m - a +0 helmet of intelligence (worn)
 x - the +1 robe of Autotheism (worn) {-Cast Slay+5}
   (You found it on level 4 of the Dungeon)

   It affects your accuracy and damage with ranged weapons and melee attacks
   (+5).
   It prevents spellcasting.
Jewellery
 p - a ring of positive energy (right hand)
Wands
 o - a wand of random effects (21)
 t - a wand of flame (48)
Scrolls
 e - 3 scrolls of enchant weapon {unknown}
 h - a scroll of magic mapping {unknown}
 i - a scroll of vulnerability {unknown}
 j - 15 scrolls of identify {unknown}
 k - 6 scrolls of enchant armour {unknown}
 l - 7 scrolls of teleportation {unknown}
 r - 2 scrolls of remove curse {unknown}
 w - a scroll of noise {unknown}
 y - a scroll of random uselessness {unknown}
 C - a scroll of amnesia {unknown}
Potions
 c - a potion of flight
 n - a potion of resistance
 q - a potion of curing
 s - a potion of brilliance
 z - a potion of stabbing
Comestibles
 f - 12 rations
 g - 4 chunks of flesh


   Skills:
 + Level 9.1 Fighting
 * Level 11.6 Polearms
 - Level 1.7 Throwing
 - Level 2.6 Dodging


You had 9 spell levels left.
You didn't know any spells.
Your spell library contained the following spells:

 Spells                   Type           Power        Failure   Level  Hunger
 Freeze                   Ice            #...         32%         1    ##.....
 Frozen Ramparts          Ice            #.....       69%         3    ####...
 Ozocubu's Armour         Chrm/Ice       #.......     69%         3    ####...
 Hailstorm                Conj/Ice       #.......     97%         4    #####..
 Summon Ice Beast         Ice/Summ       #.......     97%         4    #####..


Dungeon Overview and Level Annotations

Branches:
Dungeon (8/15)             Temple (1/1) D:4
   Lair: D:8-11

Altars:
Ashenzari
Cheibriados
Dithmenos
Elyvilon
Fedhas
Gozag
Hepliaklqana
Kikubaaqudgha
Makhleb
Nemelex Xobeh
Okawaru
Qazlal
Sif Muna
Trog
Uskayaw
Xom
Yredelemnul
The Shining One

Shops:
D:7 =


Innate Abilities, Weirdness & Mutations

You have hoof-like feet.
You may emit foul miasma when damaged in melee.
You are immune to rotting.
Your movements are slightly less encumbered by armour. (ER -2)
You possess an exceptional clarity of mind.
You are frail. (-10% HP)
Your muscles are strong. (Str +2)


Message History

You hit something. You kick something.
The orc warrior throws a stone.
The stone misses you.
You sock something! Okawaru is honoured by your kill.
Something appears at your feet! Okawaru grants you ammunition!
Reactivating autopickup.
Your Fighting skill increases to level 9!
You feel a bit more experienced.
The orc warrior throws a stone.
The stone barely misses you.
You sock the iguana! You kick the iguana!
You kill the iguana!
Okawaru accepts your kill.
The orc warrior throws a stone.
The stone closely misses you.
The orc warrior throws a stone.
The stone closely misses you.
A kobold comes into view. It is wielding a -2 short sword.
A kobold comes into view. It is wielding a -3 whip.
The orc wizard casts a cantrip, but nothing happens.
The orc warrior hits you with a +0 flail!!
You die...

########
#######....... .
#....(@(# ###..
....#####o###....
. #KK#..#
##oO.#...
#oK###..< #
#####.K(....#
#.##.#.o.o(.....!.
#.....O##.#.K.####
###
#......(K...(..#
....


You could see an orc warrior, a big kobold, an ogre, an orc wizard (sick) and 4
kobolds.

Vanquished Creatures
  Erica (D:8)
  Pikel (D:7)
  Maggie (D:6)
  Prince Ribbit (D:8)
  2 hippogriffs
  Sigmund (D:2)
  A hungry ghost (D:8)
  Menkaure (D:7)
  A slave (D:7)
  An ice beast (D:5)
  An orc warrior (D:7)
  A black bear (D:6)
  3 sky beasts
  A necrophage (D:6)
  3 ogres
  A centaur (D:6)
  5 bullfrogs
  2 scorpions (D:4)
  A water moccasin skeleton (D:7)
  A howler monkey (D:6)
  3 crimson imps
  A bullfrog zombie (D:5)
  2 jellies
  2 hounds
  7 orc priests
  Jessica (D:3)
  2 iguanas
  Ijyb (D:3)
  11 orc wizards
  3 worker ants
  A hound zombie (D:5)
  2 hound skeletons
  Robin (D:2)
  9 adders
  3 shadow imps
  An adder zombie (D:5)
  An ooze (D:3)
  A worm (D:5)
  3 dart slugs
  5 leopard geckos
  27 orcs
  8 bats
  11 giant cockroaches
  14 goblins
  7 hobgoblins
  16 jackals
  5 quokkas
  8 frilled lizards
  A goblin skeleton (D:7)
  4 goblin zombies (D:7)
  3 hobgoblin zombies (D:7)
  6 kobolds
  A kobold skeleton (D:7)
  A kobold zombie (D:7)
  A leopard gecko skeleton (D:4)
  An orc skeleton (D:7)
  A quokka skeleton (D:4)
  9 rats
214 creatures vanquished.

Vanquished Creatures (others)
  A centaur (D:7)
  An orc (D:8)
  A frilled lizard (D:4)
  A quokka zombie (D:7)
4 creatures vanquished.

Grand Total: 218 creatures vanquished

Notes
Turn   | Place    | Note
-------+----------+-------------------------------------------
     0 | D:1      | Ethylacetat the Demonspawn Gladiator began the quest for
                  | the Orb.
     0 | D:1      | Reached XP level 1. HP: 16/16 MP: 1/1
   161 | D:1      | Reached skill level 3 in Polearms
   163 | D:1      | Gained mutation: Your movements are slightly less
                  | encumbered by armour. (ER -2) [demonic ancestry]
   163 | D:1      | Reached XP level 2. HP: 19/22 MP: 2/2
   957 | D:2      | Gained mutation: You have large cloven feet. [demonic
                  | ancestry]
   957 | D:2      | Reached XP level 3. HP: 28/28 MP: 3/3
   984 | D:2      | Noticed Robin
  1030 | D:2      | Killed Robin
  1209 | D:2      | Reached skill level 4 in Polearms
  1243 | D:2      | Reached XP level 4. HP: 34/34 MP: 4/4
  1395 | D:2      | Noticed Sigmund
  1404 | D:2      | Killed Sigmund
  1404 | D:2      | Reached skill level 5 in Polearms
  1404 | D:2      | Gained mutation: You are immune to rotting. [demonic
                  | ancestry]
  1404 | D:2      | Reached XP level 5. HP: 42/42 MP: 5/5
  1667 | D:2      | Reached XP level 6. HP: 47/48 MP: 6/6
  3230 | D:2      | Reached skill level 6 in Polearms
  3410 | D:3      | Noticed Jessica
  3452 | D:3      | Killed Jessica
  3686 | D:3      | Noticed Ijyb
  3705 | D:3      | Killed Ijyb
  3705 | D:3      | Gained mutation: You may emit foul miasma when damaged in
                  | melee. [demonic ancestry]
  3705 | D:3      | Reached XP level 7. HP: 25/55 MP: 7/7
  3939 | D:3      | Found a faded altar of an unknown god.
  4158 | D:4      | Found a staircase to the Ecumenical Temple.
  4184 | Temple   | Entered the Ecumenical Temple
  4193 | Temple   | Became a worshipper of Warmaster Okawaru
  4213 | D:4      | Reached skill level 5 in Fighting
  4336 | D:4      | Got an ominously black robe
  4347 | D:4      | Identified the +1 robe of Autotheism {-Cast Slay+5} (You
                  | found it on level 4 of the Dungeon)
  4426 | D:4      | Found a stormy altar of Qazlal.
  4445 | D:4      | Reached skill level 7 in Polearms
  4756 | D:4      | Found a white marble altar of Elyvilon.
  5122 | D:5      | Entered Level 5 of the Dungeon
  5127 | D:5      | Reached * piety under Okawaru
  5328 | D:5      | Reached XP level 8. HP: 63/63 MP: 8/8
  5848 | D:5      | Reached skill level 8 in Polearms
  6182 | D:6      | Reached ** piety under Okawaru
  6436 | D:6      | Reached skill level 9 in Polearms
  6684 | D:6      | Noticed Maggie
  6731 | D:6      | Killed Maggie
  6731 | D:6      | Gained mutation: You have hoof-like feet. [demonic
                  | ancestry]
  6731 | D:6      | Reached XP level 9. HP: 23/72 MP: 9/9
  7506 | D:7      | Found Erghior's Jewellery Boutique.
  7687 | D:7      | Noticed Pikel
  7694 | D:7      | Killed Pikel
  7694 | D:7      | Reached *** piety under Okawaru
  7694 | D:7      | Reached skill level 10 in Polearms
  8378 | D:7      | Found a glowing golden altar of the Shining One.
  8439 | D:7      | Noticed Menkaure
  8443 | D:7      | Killed Menkaure
  8736 | D:8      | Noticed Prince Ribbit
  8742 | D:8      | Killed Prince Ribbit
  8742 | D:8      | Received a gift from Okawaru
  8906 | D:7      | Reached skill level 11 in Polearms
  9103 | D:8      | Reached XP level 10. HP: 46/82 MP: 10/10
  9267 | D:8      | Reached **** piety under Okawaru
  9571 | D:8      | Noticed Erica
  9592 | D:8      | Gained mutation: Your muscles are strong. (Str +2) [potion
                  | of mutation]
  9592 | D:8      | Gained mutation: You are frail. (-10% HP) [potion of
                  | mutation]
  9592 | D:8      | Gained mutation: You possess an exceptional clarity of
                  | mind. [potion of mutation]
  9601 | D:8      | Killed Erica
  9601 | D:8      | Received a gift from Okawaru
  9604 | D:8      | Mangled by an orc warrior

Illustrated notes

Levels and vault maps discovered:
D:1:      scummos_arrival_checkerplants, layout_basic
D:2:      wad_pebble_path, layout_basic, uniq_robin, uniq_sigmund
D:3:      layout_rooms, chequers_ecumenical_altar_simple_redux, uniq_jessica,
          uniq_ijyb
D:4:      layout_basic, kennysheep_mini_moat, minmay_temple_entry_mist,
          elyvilon_altar_4
D:5:      layout_basic, first_ration
D:6:      layout_loops_cross, uniq_maggie
D:7:      layout_basic, serial_shops, shop, nicolae_tso_besieged_by_evil,
          uniq_pikel, uniq_menkaure
D:8:      layout_rooms, hangedman_little_slice_of_home,
          nicolae_qazlal_style_of_elements, uniq_prince_ribbit1, uniq_erica
Temple:   dpeg_three_leaves_temple

Skill      XL: |  1  2  3  4  5  6  7  8  9 10 |
---------------+-------------------------------+-----
Polearms       | 3 4 5 6 7 9 11 | 11.6
Fighting       | 3 4 5 7 8 9 |  9.1
Throwing       | |  1.7
Dodging        | |  2.6

Action                   |  1- 3 |  4- 6 |  7- 9 | 10-12 || total
-------------------------+-------+-------+-------+-------++-------
Melee: Trident           |   100 |   222 |    24 |       ||   346
       Kick              |     7 |    53 |    60 |    12 ||   132
       Quarterstaff      |       |       |   205 |    36 ||   241
Throw: Throwing net      |       |       |       |     2 ||     2
  Use: Potion            |       |       |    10 |     3 ||    13
 Stab: Sleeping          |     4 |     2 |     2 |       ||     8
       Distracted        |       |     1 |       |       ||     1
       Held in net/web   |       |       |       |     2 ||     2
  Eat: Chunk             |     1 |     8 |    17 |     3 ||    29
Armor: Leather armour    |    26 |    41 |     7 |       ||    74
       Robe              |       |       |    34 |     6 ||    40
Dodge: Dodged            |    44 |   133 |   108 |    25 ||   310
